 Dungeon Crawl Stone Soup version 0.30-a0-777-ga9a30cbeda (webtiles) character file.

Game seed: 8301126764858602214

11662 Dittersdorf the Fighter (level 11, 0/73 HPs)
             Began as a Gargoyle Fighter on Feb 14, 2023.
             Was an Elder of Okawaru.
             Slain by a skeletal warrior
             ... wielding a +0 dire flail
              (18 damage)
             ... on level 10 of the Dungeon.
             The game lasted 00:10:31 (7785 turns).

Dittersdorf the Fighter (Gargoyle Fighter)          Turns: 7785, Time: 00:10:31

Health: 0/73       AC: 34    Str: 25    XL:     11   Next: 81%
Magic:  9/11       EV: 14    Int:  8    God:    Okawaru [****..]
Gold:   370        SH:  7    Dex:  9    Spells: 10/10 levels left

rFire   x . .      SeeInvis .    b - +4 flail
rCold   + . .      Faith    .    c - +0 buckler
rNeg    + . .      Spirit   .    i - +0 plate armour
rPois   ∞          Reflect  .    F - +1 helmet
rElec   +          Harm     .    C - +0 cloak
rCorr   .          Rampage  .    E - +2 pair of gloves
Will    .....                    l - +0 pair of boots Stlth
                                 o - amulet of regeneration
HPRegen 1.12/turn                g - +5 ring of evasion
MPRegen 0.12/turn                y - ring of ice

@: heroic
A: sickness immunity, AC +8, negative energy resistance 1, electricity
resistance, torment resistance 1, petrification resistance
a: Renounce Religion, Heroism, Finesse


You were on level 10 of the Dungeon.
You worshipped Okawaru.
Okawaru was greatly pleased with you.
You visited 2 branches of the dungeon, and saw 11 of its levels.

You collected 370 gold pieces.

Inventory:

Hand Weapons
 b - a +4 flail (weapon)
 G - a +0 morningstar
Armour
 c - a +0 buckler (worn)
 i - a +0 plate armour (worn)
 l - a +0 pair of boots (worn)
 C - a +0 cloak (worn)
 E - a +2 pair of gloves (worn)
 F - a +1 helmet (worn)
Jewellery
 g - a +5 ring of evasion (left hand)
 o - an amulet of regeneration (around neck)
 r - a ring of see invisible
 y - a ring of ice (right hand)
Wands
 v - a wand of flame (14)
 A - a wand of iceblast (13)
Scrolls
 a - 2 scrolls of teleportation {unknown}
 h - a scroll of enchant weapon {unknown}
 k - a scroll of enchant armour {unknown}
 m - 2 scrolls of immolation {unknown}
 n - 4 scrolls of fog
 p - 2 scrolls of fear {unknown}
 t - 3 scrolls of magic mapping {unknown}
 u - 3 scrolls of summoning {unknown}
 w - 3 scrolls of poison {unknown}
 x - a scroll of vulnerability {unknown}
 H - a scroll of identify
Potions
 d - 3 potions of might
 e - 7 potions of curing
 f - a potion of brilliance
 j - 3 potions of resistance
 q - a potion of cancellation {unknown}
 s - a potion of magic {unknown}
 z - a potion of heal wounds
 B - a potion of ambrosia
 D - a potion of mutation


   Skills:
 + Level 10.7(15.7) Fighting
 + Level 9.5(14.5) Maces & Flails
 + Level 10.7(15.7) Armour
 + Level 10.7(15.7) Shields


You had 10 spell levels left.
You didn't know any spells.
Your spell library contained the following spells:

 Spells                   Type           Power      Damage    Failure   Level
 Apportation              Tloc           0%         N/A       98%         1
 Shock                    Conj/Air       0%         1d3       98%         1
 Sting                    Tmut/Pois      0%         1d3       98%         1
 Poisonous Vapours        Pois/Air       0%         N/A       99%         2
 Dazzling Flash           Conj/Hex       0%         N/A       100%        3
 Ozocubu's Armour         Ice            0%         N/A       100%        3
 Swiftness                Air            0%         N/A       100%        3
 Airstrike                Air            0%         2d(0-16)  100%        4
 Dispel Undead            Necr           0%         3d6       100%        4
 Iskenderun's Mystic Bla  Conj/Tloc      0%         2d3       100%        4
 Olgreb's Toxic Radiance  Pois           0%         N/A       100%        4
 Alistair's Intoxication  Tmut/Pois      0%         N/A       100%        5
 Iskenderun's Battlesphe  Conj           0%         2d6       100%        5
 Metabolic Englaciation   Hex/Ice        0%         N/A       100%        5
 Iron Shot                Conj/Erth      0%         9d1       100%        6
 Starburst                Conj/Fire      0%         6d3       100%        6
 Cigotuvi's Dreadful Rot  Necr/Pois/Air  Unusable   N/A       N/A         2
 Death Channel            Necr           Unusable   N/A       N/A         6
 Simulacrum               Ice/Necr       Unusable   N/A       N/A         6
 Spellforged Servitor     Conj/Summ      Unusable   N/A       N/A         7

Dungeon Overview and Level Annotations

Branches:
Dungeon (10/15)            Temple (1/1) D:4            Lair (0/5) D:10
    Orc: D:9-12

Altars:
Ashenzari
Cheibriados
Dithmenos
Elyvilon
Fedhas
Gozag
Hepliaklqana
Kikubaaqudgha
Makhleb
Nemelex Xobeh
Okawaru
Qazlal
Trog
Uskayaw
Vehumet
Wu Jian
Xom
Yredelemnul
Zin

Shops:
D:6 ?   D:8 (


Innate Abilities, Weirdness & Mutations

You are immune to sickness and miasma.
Your stone body is resilient. (AC +8)
You are immune to poison.
You resist negative energy. (rN+)
You are resistant to electric shocks. (rElec)
You are resistant to unholy torment.
You are immune to petrification.


Message History

The skeletal warrior hits you but does no damage.
You hit the skeletal warrior.
The skeletal warrior is moderately damaged.
You barely miss the skeletal warrior.
The skeletal warrior is moderately damaged.
You feel like a meek peon again.
The skeletal warrior hits you but does no damage.
You closely miss the skeletal warrior.
The skeletal warrior is moderately damaged.
The skeletal warrior hits you but does no damage.
You hit the skeletal warrior.
The skeletal warrior is moderately damaged.
The skeletal warrior hits you with a +0 dire flail.
You gain the combat prowess of a mighty hero.
The death knight offers itself to Yredelemnul, and fills with unholy energy.
The skeletal warrior hits you with a +0 dire flail!!
You hit the skeletal warrior.
The skeletal warrior is heavily damaged.
The skeletal warrior closely misses you.
You closely miss the skeletal warrior.
The skeletal warrior is heavily damaged.
You hit the skeletal warrior.
The skeletal warrior is heavily damaged.
The skeletal warrior closely misses you.
You sock the skeletal warrior!
The skeletal warrior is heavily damaged.
The skeletal warrior misses you.
You closely miss the skeletal warrior.
The skeletal warrior is heavily damaged.
You thump the skeletal warrior!
The skeletal warrior is severely damaged.
The skeletal warrior hits you but does no damage.
You thump the skeletal warrior!
The skeletal warrior is almost destroyed.
The skeletal warrior hits you with a +0 dire flail!
* * * LOW HITPOINT WARNING * * *
You barely miss the skeletal warrior.
The skeletal warrior is almost destroyed.
The skeletal warrior hits you with a +0 dire flail!!
You die...

........##################
........##...............
#......#........)...####
###.....#.####.####).#
##.......#.#.......#)[#
.......p...#.......#[.#
.......W##.#.......#..#
.......#z#.....8.....)#
.......##@.#.......#..#
...>... ##.........#..#
....... #.#.......#..#
....... #.####.####..#
...##+# #.. .... ...# ###
### .###


You could see a death knight (reflects damage), a skeletal warrior and a
freezing wraith.

Vanquished Creatures
  A centaur warrior (D:10)
  A boulder beetle (D:9)
  Pikel (D:5)
  2 orc knights
  A wolf spider (D:9)
  3 ugly things (D:9)
  Maurice (D:10)
  An unseen horror zombie (D:7)
  An efreet (D:9)
  2 trolls
  2 hornets
  A wraith (D:9)
  2 wyverns
  A vampire (D:9)
  8 yaks (D:9)
  2 humans (D:9)
  2 steam dragons (D:9)
  Menkaure (D:5)
  4 vampire mosquitoes
  Pargi (D:3)
  2 orc warriors
  A sky beast (D:7)
  2 ice beasts
  2 ogres (D:5)
  2 centaurs
  2 lemures (D:5)
  A phantom (D:4)
  A kobold brigand (D:8)
  Blork the orc (D:4)
  A wyvern zombie (D:7)
  2 bullfrogs (D:9)
  A scorpion (D:5)
  2 wights
  8 killer bees
  3 howler monkeys
  An electric eel (D:8)
  2 centaur zombies (D:7)
  5 hounds
  7 orc priests
  A jelly (D:6)
  A gnoll bouda (D:7)
  4 iguanas
  Ijyb (D:4)
  11 orc wizards
  A howler monkey zombie (D:7)
  4 gnolls
  11 adders
  2 white imps
  6 dart slugs
  36 orcs
  3 ball pythons
  5 endoplasms
  3 goblins
  4 hobgoblins (D:1)
  A jackal (D:5)
  14 kobolds
  A quokka (D:2)
  9 bats
  3 frilled lizards
  5 rats
210 creatures vanquished.

Vanquished Creatures (others)
  2 orcs (D:10)
  3 plants (D:8)
  3 withered plants (D:7)
8 creatures vanquished.

Grand Total: 218 creatures vanquished

Notes
Turn   | Place    | Note
-------+----------+-------------------------------------------
     0 | D:1      | Dittersdorf the Gargoyle Fighter began the quest for the
                  | Orb.
     0 | D:1      | Reached XP level 1. HP: 14/14 MP: 1/1
    44 | D:1      | Reached XP level 2. HP: 15/19 MP: 2/2
   246 | D:1      | Reached XP level 3. HP: 23/23 MP: 3/3
  1024 | D:2      | Reached XP level 4. HP: 26/29 MP: 4/4
  1752 | D:3      | Reached XP level 5. HP: 17/33 MP: 5/5
  1768 | D:3      | Noticed Pargi
  1780 | D:3      | Killed Pargi
  1781 | D:3      | Reached XP level 6. HP: 36/39 MP: 6/6
  2321 | D:4      | Reached skill level 5 in Fighting
  2405 | D:4      | Found a staircase to the Ecumenical Temple.
  2424 | D:4      | Noticed Blork the orc
  2427 | Temple   | Entered the Ecumenical Temple
  2519 | D:4      | Killed Blork the orc
  2520 | D:4      | Reached skill level 5 in Armour
  2520 | D:4      | Reached skill level 5 in Shields
  2520 | D:4      | Reached XP level 7. HP: 44/44 MP: 7/7
  2691 | D:4      | Noticed Ijyb
  2700 | D:4      | Paralysed by Ijyb for 4 turns
  2705 | D:4      | Killed Ijyb
  2812 | D:5      | Entered Level 5 of the Dungeon
  2918 | D:5      | Noticed Pikel
  2946 | D:5      | Killed Pikel
  2947 | D:5      | Reached skill level 5 in Maces & Flails
  2947 | D:5      | Reached XP level 8. HP: 52/52 MP: 8/8
  3035 | D:5      | Reached XP level 9. HP: 46/57 MP: 9/9
  3248 | D:5      | Noticed Menkaure
  3254 | D:5      | Killed Menkaure
  3321 | D:5      | Identified the +1 plate armour of Jeagge {rC+}
  3459 | D:6      | Found Maametax's Magic Scroll Emporium.
  5315 | D:8      | Reached XP level 10. HP: 64/64 MP: 10/10
  5723 | D:8      | Found Ibunoaw's Antique Weapon Shop.
  5907 | D:8      | Identified the +9 trident "Egauc" {vamp, Dex+5}
  6593 | D:9      | Found an iron altar of Okawaru.
  6599 | D:9      | Became a worshipper of Warmaster Okawaru
  6907 | D:9      | Reached * piety under Okawaru
  6984 | D:9      | Reached ** piety under Okawaru
  7009 | D:9      | Reached XP level 11. HP: 72/72 MP: 11/11
  7238 | D:10     | Entered Level 10 of the Dungeon
  7268 | D:10     | Noticed a boulder beetle
  7269 | D:10     | Noticed a white ugly thing
  7278 | D:10     | Noticed a wolf spider
  7322 | D:9      | Killed a cyan ugly thing
  7322 | D:9      | Reached *** piety under Okawaru
  7346 | D:9      | Killed a wolf spider
  7347 | D:9      | Reached skill level 10 in Fighting
  7347 | D:9      | Reached skill level 10 in Armour
  7347 | D:9      | Reached skill level 10 in Shields
  7429 | D:10     | Noticed an orc knight
  7430 | D:10     | Noticed a cyan ugly thing
  7431 | D:10     | Noticed a cyan ugly thing
  7437 | D:10     | Noticed Maurice
  7486 | D:9      | Killed a cyan ugly thing
  7532 | D:9      | Killed a cyan ugly thing
  7554 | D:9      | Killed an orc knight
  7636 | D:9      | Killed a boulder beetle
  7636 | D:9      | Reached **** piety under Okawaru
  7675 | D:10     | Killed Maurice
  7702 | D:10     | Noticed a centaur warrior
  7716 | D:10     | Killed a centaur warrior
  7738 | D:10     | Found a staircase to the Lair.
  7738 | D:10     | Noticed an orc knight
  7756 | D:10     | Noticed a skeletal warrior
  7765 | D:10     | Killed an orc knight
  7766 | D:10     | Noticed a death knight
  7785 | D:10     | Slain by a skeletal warrior

Illustrated notes

Levels and vault maps discovered:
D:1:      matt_arrival_los_fun, layout_basic
D:2:      layout_basic
D:3:      layout_loops_ring, glass_columns_a, minmay_misc_feat_diagonals,
          kennysheep_generic_room_14, uniq_pargi
D:4:      layout_cave_pools, minmay_temple_entry_statues_fountains, uniq_ijyb,
          uniq_blork_the_orc
D:5:      layout_rooms, minmay_checkerbox, uniq_menkaure, uniq_pikel
D:6:      layout_cave_pods, serial_shops, shop
D:7:      layout_loops_corners, serial_undead, serial_undead_b, serial_undead_e,
          serial_undead_c, serial_undead_c, minmay_misc_feat_roman,
          nicolae_titane
D:8:      layout_layer_cave, serial_shops, shop, serial_bayou_lagoon_a,
          minmay_circle_x
D:9:      layout_roguey, okawaru_humans, minmay_fractal_squares_diagonal_5
D:10:     layout_basic, lair_entry_dummy, minivault_28, uniq_maurice
Temple:   compressed_dpeg_circular_temple

Skill      XL: |  1  2  3  4  5  6  7  8  9 10 11 |
---------------+----------------------------------+-----
Fighting       | 4 5 6 7 8 9 10 | 10.7
Shields        | 4 5 6 8 9 10 | 10.7
Armour         | 4 5 6 8 9 10 | 10.7
Maces & Flails | 3 4 5 7 8 9 |  9.5

Action                     |  1- 3 |  4- 6 |  7- 9 | 10-12 || total
---------------------------+-------+-------+-------+-------++-------
  Melee: Flail             |   108 |   146 |   352 |   503 ||  1109
 Invoke: Heroism           |       |       |       |     3 ||     3
    Use: Potion            |       |     1 |       |       ||     1
         Scroll            |       |     3 |     4 |     3 ||    10
 Armour: Scale mail        |    57 |    73 |       |       ||   130
         Chain mail        |       |    52 |   129 |       ||   181
         Plate armour      |       |       |    84 |   365 ||   449
  Dodge: Dodged            |    68 |   118 |   213 |   348 ||   747
  Block: Buckler           |    27 |    48 |    91 |   129 ||   295

Table legend: (Time is in decaauts)
 A = Elapsed time spent in this place.
 B = Non-inter-level travel time spent in this place.
 C = Inter-level travel time spent in this place.
 D = Time resting spent in this place.
 E = Time spent auto-exploring this place.
 F = Levels seen in this place.
 G = Mean time per level.
                   A        B        C        D        E       F      G
               +--------+--------+--------+--------+--------+-----+--------+
         Total |   7931 |   7610 |    321 |    183 |   5268 |  11 |  721.0 |
       Dungeon |   7850 |   7529 |    321 |    183 |   5210 |  10 |  785.0 |
        Temple |     81 |     81 |      0 |      0 |     58 |   1 |   81.0 |
               +--------+--------+--------+--------+--------+-----+--------+

Top non-repeatable levels by time:
     D:8: 1353 daAuts
     D:9: 1098 daAuts
     D:7: 964 daAuts
     D:1: 891 daAuts
     D:3: 762 daAuts
     D:6: 746 daAuts
     D:2: 651 daAuts
     D:4: 566 daAuts
     D:5: 545 daAuts
    D:10: 270 daAuts
  Temple: 81 daAuts
